 Dungeon Crawl Stone Soup version 0.28.0-43-g3370ac3207 (webtiles) character file.

Game seed: 4373978511690905608

1 Descartes the Scratcher (level 1, -2/9 HPs)
             Began as a Felid Wanderer on Mar 22, 2022.
             Slain by a dart slug (3 damage)
             ... on level 1 of the Dungeon.
             The game lasted 00:00:27 (42 turns).

Descartes the Scratcher (Felid Wanderer)              Turns: 42, Time: 00:00:27

Health: -2/9       AC:  1    Str:  9    XL:     1   Next: 16%
Magic:  2/2        EV: 16    Int: 10    God:
Gold:   0          SH:  0    Dex: 17    Spells: 0/0 levels left
                                        Lives:  0   Deaths: 0

rFire   . . .      SeeInvis +     - Unarmed
rCold   . . .      Faith    .   (shield unavailable)
rNeg    . . .      Spirit   .   (armour unavailable)
rPois   .          Reflect  .   (helmet unavailable)
rElec   .          Harm     .   (cloak unavailable)
rCorr   .          Rampage  .   (gloves unavailable)
Will    .....                   (boots unavailable)
Stlth   ++........              (no amulet)
HPRegen 0.03/turn               (no ring)
MPRegen 0.08/turn               (no ring)

@: quick
A: very small, claws 1, fangs 3, see invisible, speed 1, shaggy fur 1, stealthy
paws, no weapons or thrown items, no armour, multi-lived
a: no special abilities


You were on level 1 of the Dungeon.
You visited 1 branch of the dungeon, and saw 1 of its levels.

Inventory:

Scrolls
 a - a scroll of fear
Potions
 b - a potion of heal wounds
 c - a potion of lignification


   Skills:
 - Level 2.0 Fighting
 + Level 1.4 Dodging
 + Level 1.4 Stealth
 + Level 5.0 Unarmed Combat
 + Level 0.1 Translocations
 + Level 0.0 Transmutations
 - Level 1.0 Invocations


You couldn't memorise any spells.
You didn't know any spells.
Your spell library was empty.

Dungeon Overview and Level Annotations

Branches:
Dungeon (1/15)

Altars:


Innate Abilities, Weirdness & Mutations

You have sharp claws.
You have razor-sharp teeth.
You have supernaturally acute eyesight. (SInv)
You cover ground quickly. (Speed+)
You are covered in fur. (AC +1)
Your paws help you pounce on unaware monsters.
You are incapable of wielding weapons or throwing items.
You cannot wear armour.
You gain extra lives every three experience levels.


Message History

There is an open door here.
A rat and a kobold come into view.
Found 21 stones.
The kobold shouts!
A dart slug comes into view.
A goblin comes into view. It is wielding a +0 club.
You scratch the rat.
You kill the rat!
Found a hunting sling.
You scratch the kobold but do no damage.
Your claw misses the kobold.
The kobold hits you with a +0 short sword.
The dart slug launches a dart at you. The slug dart hits you.
Ouch! That really hurt!
* * * LOW HITPOINT WARNING * * *
There is an open door here.
You close the door.
A kobold opens the door.
You close the door.
A kobold opens the door.
You close the door.
A kobold opens the door.
You close the door.
A kobold opens the door.
You close the door.
A kobold opens the door.
You close the door.
A kobold opens the door.
You close the door.
A kobold breaks down the door.
You closely miss the kobold. You miss the kobold.
The kobold closely misses you.
You claw the kobold!
You kill the kobold!
The dart slug launches a dart at you. The slug dart hits you.
* * * LOW HITPOINT WARNING * * *
Things that are here:
a +0 short sword; a kobold corpse You scratch the dart slug.
The dart slug is moderately wounded.
The dart slug barely misses you.
You scratch the dart slug. You bite the dart slug.
The dart slug is severely wounded.
The dart slug bites you.
You die...

.... ########
#####.... #..@w#.#
#........ #.##.'.#
#........ #....#.#
#........ #....#.##
##........
#<...+..###.........
#....#.............)
#....#.####.........
#.##.+.# #.†w......
#....#.# #.........


You could see a dart slug.

Vanquished Creatures
  A kobold (D:1)
  A rat (D:1)
2 creatures vanquished.

Notes
Turn   | Place    | Note
-------+----------+-------------------------------------------
     0 | D:1      | Descartes the Felid Wanderer began the quest for the Orb.
     0 | D:1      | Descartes set off with the following items: a scroll of
                  | fear, a potion of heal wounds, a potion of lignification
     0 | D:1      | Reached XP level 1. HP: 9/9 MP: 2/2
    42 | D:1      | Slain by a dart slug

Illustrated notes

Levels and vault maps discovered:
D:1:      lemuel_arrival_behind_the_door_small, layout_basic,
          hellmonk_ecumenical_altar_heavens_door

Action                   || total
-------------------------++-------
Melee: Unarmed           ||     7
       Bite              ||     1
Dodge: Dodged            ||     2
